 Dungeon Crawl Stone Soup version 0.21.1-1-g345015f (webtiles) character file.

1017 Monzz the Cudgeler (level 8, -5/59 HPs)
             Began as a Demonspawn Gladiator on May 13, 2018.
             Was a Believer of Okawaru.
             Splashed by a jelly's acid (12 damage)
             ... on level 6 of the Dungeon.
             The game lasted 00:24:11 (3483 turns).

Monzz the Cudgeler (Demonspawn Gladiator)           Turns: 3483, Time: 00:24:12

Health: -5/59      AC: 11    Str: 13 (15) XL:     8   Next: 2%
Magic:  8/8        EV:  7    Int:  7 (10) God:    Okawaru [**....]
Gold:   229        SH:  0    Dex: 16      Spells: 7/7 levels left

rFire    . . .     SeeInvis .   a - +0 flail
rCold    . . .     Gourm    .   (no shield)
rNeg     . . .     Faith    .   s - +0 plate armour
rPois    .         Spirit   .   (helmet restricted)
rElec    .         Reflect  .   (no cloak)
rCorr    .         Harm     .   (no gloves)
MR       .....                  (no boots)
Stlth    ..........             (no amulet)
HPRegen  1.19/turn              k - ring of wizardry
MPRegen  0.11/turn              g - +2 ring of evasion

@: lethally poisoned (-5 -> -5)
A: horns 1, powered by death 2, spiny 2
a: Heroism, Renounce Religion


You were on level 6 of the Dungeon.
You worshipped Okawaru.
Okawaru was pleased with you.
You were very hungry.

You visited 1 branch of the dungeon, and saw 6 of its levels.

You collected 229 gold pieces.

Inventory:

Hand Weapons
 a - a +0 flail (weapon)
 u - a +0 blowgun
Missiles
 d - 3 throwing nets (quivered)
 q - 28 poisoned needles
Armour
 b - a +0 leather armour
 s - a +0 plate armour (worn)
Jewellery
 g - a +2 ring of evasion (right hand)
 k - a ring of wizardry (left hand)
 C - an uncursed ring of wizardry
Wands
 c - a wand of random effects (30)
 w - a wand of polymorph (13)
 y - a wand of acid (2)
 D - a wand of iceblast (9)
Scrolls
 e - 3 scrolls of remove curse
 i - a scroll of fog
 j - a scroll of amnesia
 l - 3 scrolls of identify {unknown}
 m - 2 scrolls of teleportation
 n - 2 scrolls of noise {unknown}
 r - a scroll of immolation {unknown}
Potions
 h - a potion of degeneration
 o - a potion of resistance
 v - a potion of flight
Books
 p - a book of Cantrips

   Spells                             Type                      Level
   a - Confusing Touch                Hexes                        1
   b - Animate Skeleton               Necromancy                   1
   c - Summon Small Mammal            Summoning                    1
   d - Apportation                    Translocation                1
Comestibles
 f - 7 rations


   Skills:
 + Level 3.6 Fighting
 + Level 7.1 Maces & Flails
 + Level 2.0 Throwing
 + Level 2.6 Armour
 + Level 4.1 Dodging
 + Level 0.7 Stealth
 + Level 0.1 Evocations


You had 7 spell levels left.
You didn't know any spells.

Dungeon Overview and Level Annotations

Branches:
Dungeon (6/15)
 Temple: D:4-7

Altars:
Kikubaaqudgha
Makhleb
Okawaru
Trog
Vehumet

Shops:
D:4 *


Innate Abilities, Weirdness & Mutations

You have a pair of small horns on your head.
You regenerate health from kills.
You are mostly covered in sharp spines.


Message History

You feel sick.
You hit the giant cockroach.
You kill the giant cockroach!
Okawaru accepts your kill.
You hit the phantom.
The phantom is lightly damaged.
You feel sick. The phantom hits you.
* * * LOW HITPOINT WARNING * * *
You closely miss the phantom.
The phantom is lightly damaged.
You feel sick. The phantom is struck by your spines.
The phantom hits you but does no damage.
You thump the phantom!
The phantom is heavily damaged.
The phantom is struck by your spines. The phantom hits you.
* * * LOW HITPOINT WARNING * * *
The jelly hits you.
* * * LOW HITPOINT WARNING * * *
You are splashed with acid!
The acid burns!
You die...

..... ..... ... .J.
♣.♣ ♣.♣ #. #♣.♣# #
####...♣♣♣.♣J♣♣♣..#
..........♣♣♣@....#
......♣♣♣.♣W♣♣♣..#
....♣ #♣.♣ .# .. ##..♣
♣.♣ ... ##.♣# #♣.♣#
#..####...♣♣♣...♣♣♣.
.......((.†..........
.......(..)..........
#.#..#(..##.......W...


You could see a phantom and a jelly.

Vanquished Creatures
  Grinder (D:5)
  An ice beast (D:6)
  A phantom (D:4)
  A centaur (D:6)
  A bullfrog (D:6)
  A water moccasin zombie (D:5)
  A scorpion (D:6)
  2 crimson imps
  2 hounds
  2 worker ants
  Robin (D:4)
  5 adders
  A shadow imp (D:6)
  5 oozes
  An adder skeleton (D:3)
  7 worms
  3 dart slugs (D:1)
  3 leopard geckos
  3 orcs
  2 ball pythons
  6 giant cockroaches
  10 goblins
  9 hobgoblins
  7 kobolds
  2 quokkas
  7 bats
  4 frilled lizards
  A quokka skeleton (D:5)
  15 rats
105 creatures vanquished.

Notes
Turn   | Place    | Note
-------+----------+-------------------------------------------
     0 | D:1      | Monzz the Demonspawn Gladiator began the quest for the Orb.
     0 | D:1      | Reached XP level 1. HP: 16/16 MP: 1/1
    68 | D:1      | Reached skill level 3 in Maces & Flails
    69 | D:1      | Gained mutation: You are partially covered in sharp spines. [demonic ancestry]
    69 | D:1      | Reached XP level 2. HP: 19/22 MP: 2/2
   265 | D:1      | Gained mutation: You regenerate a little health from kills. [demonic ancestry]
   265 | D:1      | Reached XP level 3. HP: 22/27 MP: 3/3
   801 | D:2      | Reached XP level 4. HP: 29/33 MP: 4/4
  1055 | D:2      | Found a bloodstained altar of Trog.
  1141 | D:2      | Reached skill level 1 in Armour
  1163 | D:2      | Reached skill level 4 in Maces & Flails
  1339 | D:3      | Found an iron altar of Okawaru.
  1367 | D:3      | Became a worshipper of Warmaster Okawaru
  1649 | D:3      | Reached XP level 5. HP: 36/38 MP: 5/5
  2062 | D:4      | Found Efobleh's Elemental Accessories.
  2246 | D:4      | Noticed Robin
  2262 | D:4      | Killed Robin
  2377 | D:4      | Noticed a phantom
  2413 | D:4      | Killed a phantom
  2413 | D:4      | Reached * piety under Okawaru
  2413 | D:4      | Reached skill level 5 in Maces & Flails
  2413 | D:4      | Gained mutation: You have a pair of small horns on your head. [demonic ancestry]
  2413 | D:4      | Reached XP level 6. HP: 36/46 MP: 6/6
  2668 | D:5      | Entered Level 5 of the Dungeon
  2747 | D:5      | Noticed Grinder
  2755 | D:5      | Paralysed by Grinder for 7 turns
  2764 | D:5      | Paralysed by Grinder for 6 turns
  2770 | D:5      | Killed Grinder
  2770 | D:5      | Gained mutation: You regenerate health from kills. [demonic ancestry]
  2770 | D:5      | Reached XP level 7. HP: 28/52 MP: 7/7
  2842 | D:5      | Reached skill level 6 in Maces & Flails
  3058 | D:5      | Found an ancient bone altar of Kikubaaqudgha.
  3327 | D:5      | Found a burning altar of Makhleb.
  3328 | D:5      | Found a radiant altar of Vehumet.
  3422 | D:6      | Reached ** piety under Okawaru
  3464 | D:6      | Reached skill level 7 in Maces & Flails
  3464 | D:6      | Gained mutation: You are mostly covered in sharp spines. [demonic ancestry]
  3464 | D:6      | Reached XP level 8. HP: 25/59 MP: 8/8
  3483 | D:6      | Splashed by a jelly's acid

Skill      XL: |  1  2  3  4  5  6  7 |
---------------+----------------------+-----
Maces & Flails | 3 4 5 7 |  7.1
Throwing       | 2 |  2.0
Dodging        | 3 4 |  4.1
Armour         | 1 2 |  2.6
Fighting       | 3 |  3.6
Stealth        | |  0.7
Evocations     | |  0.1

Action                   |  1- 3 |  4- 6 |  7- 9 || total
-------------------------+-------+-------+-------++-------
Melee: Flail             |    69 |   135 |    42 ||   246
       Headbutt          |       |     2 |    10 ||    12
Evoke: Wand              |       |       |     5 ||     5
  Use: Potion            |       |     4 |     6 ||    10
       Scroll            |       |     2 |     3 ||     5
 Stab: Sleeping          |       |     1 |       ||     1
  Eat: Chunk             |       |     5 |     2 ||     7
Armor: Leather armour    |    18 |     4 |       ||    22
       Plate armour      |       |    70 |    23 ||    93
       Skin              |       |       |    80 ||    80
Dodge: Dodged            |    45 |    53 |    21 ||   119
